 Dungeon Crawl Stone Soup version 0.20.1-1-g8b1a95d (webtiles) character file.

25293 Peloso the Fencer (level 12, -1/110 HPs)
             Began as a Minotaur Fighter on July 23, 2017.
             Was the Champion of Okawaru.
             Killed from afar by an oklob plant (9 damage)
             ... with a splash of acid
             ... on level 4 of the Lair of Beasts.
             The game lasted 00:37:59 (14526 turns).

Peloso the Fencer (Minotaur Fighter)               Turns: 14526, Time: 00:38:00

Health: -1/110     AC:  8    Str: 30    XL:     12   Next: 88%
Magic:  11/11      EV: 12    Int:  8    God:    Okawaru [******]
Gold:   428        SH: 14    Dex: 19    Spells: 11/11 levels left

rFire    + + .     SeeInvis .   y - +8 double sword of Action {slice, rF+ rC++ Str+7}
rCold    + + +     Gourm    +   c - +0 shield
rNeg     . . .     Faith    .   K - +0 chain mail of the Robin {rPois Int+3} (curse)
rPois    +         Spirit   .   i - +2 hat
rElec    .         Reflect  .   J - +0 cloak
rCorr    .         Harm     .   (no gloves)
MR       +....                  T - +3 pair of boots of Ubixant {rF+ MR+ Dex+3}
Stlth    ..........             S - amulet "Qiwn" {Gourm +Fly Dex+3}
Regen    0.3/turn               (no ring)
MPRegen  0.2/turn               p - ring of protection from cold

@: corroded
A: retaliatory headbutt, horns 2
a: Heroism, Finesse, Renounce Religion, Evoke Flight


You were on level 4 of the Lair of Beasts.
You worshipped Okawaru.
Okawaru was exalted by your worship.
You were not hungry.

You visited 3 branches of the dungeon, and saw 14 of its levels.
You also visited: Ossuary.

You collected 857 gold pieces.
You spent 429 gold pieces at shops.

Inventory:

Hand Weapons
 y - the +8 double sword of Action (weapon) {slice, rF+ rC++ Str+7}
   (Okawaru gifted it to you on level 4 of the Lair of Beasts)

   It inflicts extra damage upon your enemies.
   It affects your strength (+7).
   It protects you from fire.
   It greatly protects you from cold.
 W - the +5 long sword of the Final Dreams {slice, Int+3}
   (You found it on level 7 of the Dungeon)

   It inflicts extra damage upon your enemies.
   It affects your intelligence (+3).
 X - the +9 sword of Zonguldrok {reap}
   (You found it on level 7 of the Dungeon)

   If a monster killed with it leaves a corpse in good enough shape, the corpse
   will be animated as a zombie friendly to the killer.
Armour
 c - a +0 shield (worn)
 i - a +2 hat (worn)
 J - a +0 cloak (worn)
 K - the cursed +0 chain mail of the Robin (worn) {rPois Int+3}
   (You bought it in a shop on level 6 of the Dungeon)

   It affects your intelligence (+3).
   It protects you from poison.
   It has a curse placed upon it.
 T - the +3 pair of boots of Ubixant (worn) {rF+ MR+ Dex+3}
   (You found it on level 7 of the Dungeon)

   It affects your dexterity (+3).
   It protects you from fire.
   It affects your resistance to hostile enchantments.
Jewellery
 p - a ring of protection from cold (right hand)
 S - the amulet "Qiwn" (around neck) {Gourm +Fly Dex+3}
   (You found it on level 7 of the Dungeon)

   [amulet of the gourmand]

   It allows you to eat raw meat even when not hungry.
   It affects your dexterity (+3).
   It lets you fly.
 U - an uncursed ring of protection from cold
Wands
 h - a wand of confusion (30/48)
Scrolls
 g - 2 scrolls of random uselessness {unknown}
 j - a scroll of vulnerability {unknown}
 l - 2 scrolls of amnesia {unknown}
 o - 5 scrolls of teleportation
 q - 9 scrolls of remove curse
 r - a scroll of immolation {unknown}
 s - 5 scrolls of fear {unknown}
 t - 2 scrolls of enchant armour
 u - a scroll of silence {unknown}
 v - 4 scrolls of identify
 z - 3 scrolls of magic mapping {unknown}
 B - 4 scrolls of enchant weapon {unknown}
 H - a scroll of recharging {unknown}
 R - a scroll of fog {unknown}
Potions
 a - a potion of cancellation
 b - 2 potions of flight
 e - 10 potions of curing
 m - 2 potions of haste
 w - 3 potions of agility
 C - 3 potions of invisibility
 N - a potion of berserk rage
 Z - 4 potions of heal wounds {unknown}
Books
 d - a book of Geomancy

   Spells                             Type                      Level
   a - Sandblast                      Earth                        1
   b - Passwall                       Transmutation/Earth          2
   c - Stone Arrow                    Conjuration/Earth            3
   d - Petrify                        Transmutation/Earth          4
   e - Lee's Rapid Deconstruction     Earth                        5
Comestibles
 f - 10 bread rations
 k - 7 royal jellies
 n - 7 meat rations
 x - 9 fruits


   Skills:
 + Level 11.1 Fighting
 + Level 15.6 Long Blades
 + Level 11.7 Armour
 + Level 5.0 Dodging
 + Level 2.2 Stealth
 + Level 12.3 Shields
 + Level 0.4 Invocations


You had 11 spell levels left.
You didn't know any spells.

Dungeon Overview and Level Annotations

Branches:
Dungeon (9/15)             Temple (1/1) D:5            Lair (4/6) D:9
  Swamp (0/4) Lair:2       Spider (0/4) Lair:3
    Orc: D:9-12

Altars:
Ashenzari
Cheibriados
Dithmenos
Elyvilon
Fedhas
Gozag
Hepliaklqana
Kikubaaqudgha
Makhleb
Nemelex Xobeh
Okawaru
Qazlal
Ru
Sif Muna
Trog
Uskayaw
Vehumet
Xom
Yredelemnul
Zin
The Shining One

Shops:
D:6 ?([

Annotations:
Lair:4 exclusion: 2 oklob plants


Innate Abilities, Weirdness & Mutations

You reflexively headbutt those who attack you in melee.
You have a pair of horns on your head.


Message History

The oklob plant spits acid at you. The splash of acid hits you!
The acid corrodes you!
You are splashed with acid!
The acid burns!
Unknown command.
The oklob plant spits acid at you. The splash of acid hits you!
You are splashed with acid!
The acid burns!
The oklob plant spits acid at you. The splash of acid hits you!
* * * LOW HITPOINT WARNING * * *
You are splashed with acid!
The acid burns!
* * * LOW HITPOINT WARNING * * *
You see here 22 stones.
The oklob plant spits acid at you. The splash of acid hits you!
* * * LOW HITPOINT WARNING * * *
The acid corrodes you!
You are splashed with acid!
The acid burns!
* * * LOW HITPOINT WARNING * * *
The oklob plant spits acid at you. The splash of acid hits you!
You die...

....# ##......# ....##
#.......# .....# ###
### ##......# .....#
#.P##.####.......#
....##
###......##........###
.....#
##....................#
.....#
#.......#####.......###
P..P## ##PPPP†##
#PPP#.#.# #.### #}$P?@#
######### ### #.."..#
#)(..(# #%[?..# #.$P$.#
#######


You could see 2 oklob plants.

Vanquished Creatures
  Gastronok (Lair:3)
  3 hydras
  A death knight (D:7)
  2 two-headed ogres (D:7)
  A queen ant (Lair:3)
  Urug (Lair:4)
  2 oklob plants (Lair:4)
  A gargoyle (D:7)
  5 spiny frogs
  4 komodo dragons
  2 trolls (D:9)
  3 blink frogs (Lair:3)
  4 hippogriffs
  A tarantella (Lair:3)
  A wyvern (Lair:1)
  21 yaks
  3 basilisks
  A hungry ghost (D:9)
  The ghost of Energizer the Slasher, an amateur DsCK of Xom (D:3)
  Grum (D:9)
  7 soldier ants (Lair:3)
  12 porcupines
  8 water moccasins
  3 sky beasts
  An eye of draining (D:9)
  6 ogres
  2 phantoms (D:9)
  3 wolves (D:9)
  2 centaurs (D:9)
  14 crocodiles
  A big kobold (D:7)
  10 bullfrogs
  3 scorpions
  3 water moccasin zombies (Ossuary)
  3 wights (D:9)
  A howler monkey (D:5)
  An electric eel (Lair:2)
  2 crimson imps
  A centaur zombie (D:7)
  A hound (D:9)
  3 jellies
  A centaur skeleton (D:6)
  5 orc priests
  A gnoll shaman (D:7)
  3 bullfrog skeletons
  3 iguanas
  5 orc wizards
  25 worker ants
  A big kobold zombie (Ossuary)
  2 hound skeletons
  2 mummies (Ossuary)
  3 worker ant zombies
  17 adders
  14 gnolls
  2 shadow imps
  3 oozes
  2 adder skeletons (D:6)
  4 adder zombies (Ossuary)
  2 worms (D:3)
  2 dart slugs
  2 leopard geckos
  25 orcs
  17 bats
  5 giant cockroaches
  A gnoll zombie (Ossuary)
  7 goblins
  7 hobgoblins
  18 jackals
  9 quokkas
  2 ball pythons (D:1)
  2 frilled lizards (D:2)
  6 hobgoblin zombies (Ossuary)
  17 kobolds
  2 kobold zombies (Ossuary)
  3 orc zombies (Ossuary)
  A quokka zombie (D:7)
  7 rats
  A plant (Lair:4)
375 creatures vanquished.

Vanquished Creatures (collateral kills)
  A black mamba (Lair:3)
  A blink frog (Lair:3)
  3 hippogriffs
  3 yaks
  A water moccasin (Lair:2)
  A porcupine (Lair:3)
  A bullfrog (Lair:1)
  An orc wizard (D:8)
  4 worker ants (Lair:3)
16 creatures vanquished.

Vanquished Creatures (others)
  A wyvern (D:9)
  A crocodile (D:9)
  An adder (D:9)
  A quokka (D:9)
  2 fungi (Lair:2)
  2 plants
8 creatures vanquished.

Grand Total: 399 creatures vanquished

Notes
Turn   | Place    | Note
-------+----------+-------------------------------------------
     0 | D:1      | Peloso the Minotaur Fighter began the quest for the Orb.
     0 | D:1      | Reached XP level 1. HP: 19/19 MP: 0/0
   144 | D:1      | Reached XP level 2. HP: 27/27 MP: 1/1
   837 | D:1      | Reached XP level 3. HP: 33/33 MP: 2/2
  1479 | D:2      | Reached skill level 3 in Long Blades
  1854 | D:2      | Reached XP level 4. HP: 20/40 MP: 3/3
  2473 | D:3      | Noticed Energizer's ghost (amateur DsCK)
  2478 | D:3      | Killed Energizer's ghost
  2478 | D:3      | Reached skill level 4 in Long Blades
  2478 | D:3      | Reached skill level 5 in Armour
  2478 | D:3      | Reached skill level 1 in Dodging
  2478 | D:3      | Reached skill level 5 in Shields
  2478 | D:3      | Reached XP level 5. HP: 46/46 MP: 4/4
  2505 | D:3      | Found a blossoming altar of Fedhas.
  2652 | D:3      | Found a shadowy altar of Dithmenos.
  2671 | D:3      | Found a faded altar of an unknown god.
  2812 | D:3      | Reached XP level 6. HP: 52/52 MP: 5/5
  3032 | D:3      | Reached skill level 5 in Long Blades
  3659 | D:4      | Reached XP level 7. HP: 60/60 MP: 6/6
  3892 | D:4      | Reached skill level 6 in Long Blades
  4039 | D:4      | Found a sacrificial altar of Ru.
  4044 | D:4      | Found a basalt altar of Yredelemnul.
  4045 | D:4      | Found a snail-covered altar of Cheibriados.
  4045 | D:4      | Found an opulent altar of Gozag.
  4099 | D:4      | Found a burning altar of Makhleb.
  4099 | D:4      | Noticed a blizzard demon
  4102 | D:4      | Noticed a hellwing
  4102 | D:4      | Noticed an orange demon
  4931 | D:5      | Entered Level 5 of the Dungeon
  4937 | D:5      | Reached skill level 7 in Long Blades
  5068 | D:5      | Reached skill level 5 in Fighting
  5079 | D:5      | Reached XP level 8. HP: 66/68 MP: 7/7
  5524 | D:5      | Found a staircase to the Ecumenical Temple.
  5567 | Temple   | Entered the Ecumenical Temple
  6107 | D:6      | Found an ancient bone altar of Kikubaaqudgha.
  6138 | D:6      | Found Otseurul's Antique Armour Shoppe.
  6143 | D:6      | Bought a crude chain mail for 228 gold pieces
  6156 | D:6      | Identified the cursed +0 chain mail of the Robin {rPois Int+3} (You bought it in a shop on level 6 of the Dungeon)
  6206 | D:6      | Found Ugo Taymno's Magic Scroll Emporium.
  6212 | D:6      | Bought a scroll of remove curse for 39 gold pieces
  6212 | D:6      | Bought a scroll of identify for 26 gold pieces
  6212 | D:6      | Bought a scroll of teleportation for 39 gold pieces
  6244 | D:6      | Found an iron altar of Okawaru.
  6265 | D:6      | Became a worshipper of Warmaster Okawaru
  6338 | D:6      | Found Nunyxaoc's Weapon Emporium.
  6394 | D:6      | Reached skill level 8 in Long Blades
  6427 | D:6      | Found a hazy altar of Hepliaklqana.
  6990 | D:7      | Reached * piety under Okawaru
  7011 | D:7      | Reached skill level 9 in Long Blades
  7150 | D:7      | Reached XP level 9. HP: 73/75 MP: 8/8
  7536 | D:7      | Got a warped silver amulet
  7538 | D:7      | Identified the amulet "Qiwn" {Gourm +Fly Dex+3} (You found it on level 7 of the Dungeon)
  7540 | D:7      | Got a pair of encrusted boots
  7546 | D:7      | Identified the +3 pair of boots of Ubixant {rF+ MR+ Dex+3} (You found it on level 7 of the Dungeon)
  7557 | D:7      | Noticed a death knight
  7558 | D:7      | Noticed a two-headed ogre
  7559 | D:7      | Noticed a two-headed ogre
  7562 | D:7      | Noticed a gargoyle
  7568 | D:7      | Killed a two-headed ogre
  7578 | D:7      | Killed a death knight
  7578 | D:7      | Reached ** piety under Okawaru
  7578 | D:7      | Reached skill level 10 in Long Blades
  7578 | D:7      | Reached skill level 1 in Stealth
  7581 | D:7      | Killed a two-headed ogre
  7581 | D:7      | Reached *** piety under Okawaru
  7581 | D:7      | Reached XP level 10. HP: 12/86 MP: 9/9
  7931 | D:7      | Killed a gargoyle
  7931 | D:7      | Reached skill level 11 in Long Blades
  7974 | D:7      | Identified Aloasur's Catalogue of the Entourage and Execration
  7977 | D:7      | Got a pitted long sword
  7983 | D:7      | Identified the +5 long sword of the Final Dreams {slice, Int+3} (You found it on level 7 of the Dungeon)
  8222 | D:8      | Found a white marble altar of Elyvilon.
  8266 | D:8      | Found a sand-covered staircase.
  8275 | Ossuary  | Entered an ossuary
  8306 | Ossuary  | Reached **** piety under Okawaru
  9103 | D:6      | Bought a scroll of enchant armour for 97 gold pieces
  9156 | D:9      | Found a staircase to the Lair.
  9202 | D:8      | Reached skill level 12 in Long Blades
  9414 | D:9      | Reached ***** piety under Okawaru
  9414 | D:9      | Reached skill level 10 in Shields
  9642 | D:9      | Found a radiant altar of Vehumet.
  9762 | D:9      | Found a shimmering altar of Xom.
  9836 | D:9      | Found a snail-covered altar of Cheibriados.
  9892 | D:9      | Noticed Grum
  9899 | D:9      | Reached XP level 11. HP: 92/94 MP: 10/10
  9903 | D:9      | Killed Grum
 10356 | Lair:1   | Entered Level 1 of the Lair of Beasts
 10522 | Lair:1   | Received a gift from Okawaru
 10522 | Lair:1   | Reached skill level 13 in Long Blades
 10643 | Lair:1   | Reached skill level 10 in Armour
 11652 | Lair:2   | Found a staircase to the Swamp.
 11771 | Lair:2   | Noticed an eight-headed hydra
 11781 | Lair:2   | Killed a ten-headed hydra
 12020 | Lair:2   | Reached skill level 14 in Long Blades
 12051 | Lair:2   | Reached ****** piety under Okawaru
 12347 | Lair:2   | Received a gift from Okawaru
 12509 | Lair:2   | Reached XP level 12. HP: 23/105 MP: 11/11
 13192 | Lair:3   | Found a hole to the Spider Nest.
 13205 | Lair:3   | Noticed Gastronok
 13219 | Lair:3   | Killed Gastronok
 13219 | Lair:3   | Reached skill level 10 in Fighting
 13599 | Lair:3   | Noticed a queen ant
 13613 | Lair:3   | Killed a queen ant
 13641 | Lair:3   | Reached skill level 15 in Long Blades
 13848 | Lair:4   | Noticed a five-headed hydra
 13852 | Lair:4   | Noticed a four-headed hydra
 13859 | Lair:4   | Killed an 11-headed hydra
 13863 | Lair:4   | Killed a seven-headed hydra
 13953 | Lair:4   | Found a blossoming altar of Fedhas.
 14034 | Lair:4   | Noticed Urug
 14048 | Lair:4   | Killed Urug
 14048 | Lair:4   | Received a gift from Okawaru
 14048 | Lair:4   | Reached skill level 5 in Dodging
 14051 | Lair:4   | Got a brightly glowing double sword {god gift}
 14052 | Lair:4   | Identified the +8 double sword of Action {slice, rF+ rC++ Str+7} (Okawaru gifted it to you on level 4 of the Lair of Beasts)
 14526 | Lair:4   | Killed from afar by an oklob plant

Skill      XL: |  1  2  3  4  5  6  7  8  9 10 11 12 |
---------------+-------------------------------------+-----
Armour         | 4 5 6 7 8 9 10 11 | 11.7
Shields        | 4 5 6 7 9 10 11 12 | 12.3
Long Blades    | 3 4 5 7 9 10 12 14 15 | 15.6
Fighting       | 4 5 7 8 9 11 | 11.1
Dodging        | 1 2 3 4 5 |  5.0
Stealth        | 1 2 |  2.2
Invocations    | |  0.4

Action                   |  1- 3 |  4- 6 |  7- 9 | 10-12 || total
-------------------------+-------+-------+-------+-------++-------
Melee: Long sword        |   120 |   108 |   311 |   142 ||   681
       Headbutt          |    19 |    23 |    62 |   147 ||   251
       Double sword      |       |       |       |   364 ||   364
Invok: Heroism           |       |       |       |     3 ||     3
  Use: Potion            |       |     1 |     1 |       ||     2
       Scroll            |       |       |       |    13 ||    13
 Stab: Distracted        |       |       |       |     3 ||     3
  Eat: Chunk             |     3 |     6 |    11 |    26 ||    46
       Fruit             |       |       |     1 |     4 ||     5
Armor: Scale mail        |     3 |    34 |    44 |       ||    81
       Chain mail        |    77 |    18 |    47 |   197 ||   339
Dodge: Dodged            |    35 |    27 |    78 |   196 ||   336
Block: Shield            |    84 |    61 |   158 |   335 ||   638
       Rpst.: Long sword |    12 |    10 |    27 |    16 ||    65
       Double sword      |       |       |       |    35 ||    35
